[Event "Titled Tuesday Blitz April 18 Late 2023"]
[White "Prithu Gupta"]
[Black "Danielyan, Vahe"]
[WhiteFideId "46618546"]
[BlackFideId "13304828"]
[WhiteElo "2344"]
[BlackElo "2423"]
[Result "0-1"]
[Round "04"]
[TimeControl "180+2"]
[Date "2023.04.18"]
[WhiteClock "0:00:10"]
[BlackClock "0:02:08"]

1. c4 g6 2. Nc3 Bg7 3. g3 Nf6 4. Bg2 O-O 5. e4 d6 6. Nge2 c5 7. O-O Nc6 8. d3 Bg4 9. h3 Bxe2 10. Qxe2 Rb8 11. Qd2 Nd4 12. b3 b5 13. Bb2 Nd7 14. f4 e6 15. Ne2 h5 16. Nxd4 cxd4 17. Kh2 h4 18. g4 Nc5 19. f5 Be5+ 20. Kh1 g5 21. b4 Na4 22. Bc1 f6 23. fxe6 Qe7 24. cxb5 Nc3 25. a4 Qxe6 26. Bb2 Rfc8 27. Rfc1 Qb3 28. Bf3 Qxb4 29. Bd1 Qc5 30. Bxc3 dxc3 31. Qa2+ Kh8 32. Qf7 Qf2 33. Rc2 Qf1# 0-1


[Site "https://www.chess.com"]

[Event "Titled Tuesday Blitz April 18 Late 2023"]
[White "Sabuk, Piotr"]
[Black "Dubreuil, Julien"]
[WhiteFideId "1137565"]
[BlackFideId "621285"]
[WhiteElo "2298"]
[BlackElo "2209"]
[Result "1-0"]
[Round "04"]
[TimeControl "180+2"]
[Date "2023.04.18"]
[WhiteClock "0:00:04"]
[BlackClock "0:00:01"]

1. d4 d5 2. c4 c6 3. Nf3 Nf6 4. Nc3 dxc4 5. a4 e6 6. e3 c5 7. Bxc4 Nc6 8. O-O Be7 9. Qe2 cxd4 10. Rd1 e5 11. exd4 exd4 12. Nxd4 Nxd4 13. Qe5 Qd6 14. Qxd4 Qxd4 15. Rxd4 O-O 16. Bf4 Be6 17. Bxe6 fxe6 18. Re1 Kf7 19. Rd2 Rac8 20. Rde2 Rc6 21. Nb5 Nd5 22. Bd2 Bf6 23. Nxa7 Ra6 24. Nb5 Rxa4 25. Nd6+ Kg6 26. Nxb7 Ra2 27. b3 Rc8 28. Kf1 Rcc2 29. Ba5 Nf4 30. Rxc2 Rxc2 31. g3 Bd4 32. gxf4 Rxf2+ 33. Kg1 e5 34. fxe5 Rf7+ 35. Kg2 Rxb7 36. e6 Bf6 37. b4 Be7 38. Re4 Kf5 39. Kf3 g5 40. h3 h5 41. Rc4 g4+ 42. hxg4+ hxg4+ 43. Rxg4 Kxe6 44. Re4+ Kd7 45. Ke3 Bd6 46. Kd3 Kc6 47. Kc4 Rf7 48. Re6 Rf4+ 49. Kb3 Kd5 50. Rg6 Bxb4 51. Bxb4 Rf3+ 52. Bc3 Rh3 53. Rg5+ Ke4 54. Kc4 Rh1 55. Re5+ Kf4 56. Re7 Rh6 57. Kd3 Rh3+ 58. Kc4 Rh1 59. Kd5 Rd1+ 60. Bd4 Rd3 61. Rf7+ Kg5 62. Ke4 Rd1 63. Rf8 Kg6 64. Rf2 Rb1 65. Ke5 Rb5+ 66. Ke4 Rb4 67. Rg2+ Kf7 68. Ke5 Rb7 69. Bc5 Ke8 70. Ke6 Re7+ 71. Kd6 Rd7+ 72. Kc6 1-0


[Site "https://www.chess.com"]

[Event "Titled Tuesday Blitz April 18 Late 2023"]
[White "Lizak, Peter"]
[Black "mjelcic"]
[WhiteFideId "731595"]
[WhiteElo "2420"]
[BlackElo "2184"]
[Result "1-0"]
[Round "04"]
[TimeControl "180+2"]
[Date "2023.04.18"]
[WhiteClock "0:00:53"]
[BlackClock "0:01:05"]

1. d4 d5 2. Nf3 Nf6 3. c4 dxc4 4. Nc3 e6 5. e4 b5 6. e5 b4 7. exf6 bxc3 8. fxg7 Bxg7 9. bxc3 c5 10. Bxc4 Bb7 11. O-O Nd7 12. Bg5 Bf6 13. Bxf6 Qxf6 14. d5 Rg8 15. dxe6 Ne5 16. exf7+ Nxf7 17. Bxf7+ Qxf7 18. Re1+ Kf8 19. Qd6+ Kg7 20. Re7 Bxf3 21. Rxf7+ Kxf7 22. Qf4+ 1-0


[Site "https://www.chess.com"]

[Event "Titled Tuesday Blitz April 18 Late 2023"]
[White "Suder, Jakub"]
[Black "Winkels, Marcel"]
[WhiteFideId "1195310"]
[BlackFideId "1003887"]
[WhiteElo "2287"]
[BlackElo "1900"]
[Result "1-0"]
[Round "04"]
[TimeControl "180+2"]
[Date "2023.04.18"]
[WhiteClock "0:02:17"]
[BlackClock "0:01:16"]

1. d4 Nf6 2. c4 g6 3. Nc3 d5 4. cxd5 Nxd5 5. e4 Nxc3 6. bxc3 Bg7 7. Bc4 O-O 8. Ne2 c5 9. Be3 b6 10. h4 Bb7 11. f3 Nd7 12. h5 Qc7 13. Rc1 a6 14. hxg6 hxg6 15. Kf2 b5 16. Bb3 Rac8 17. Qd2 Rfd8 18. Bh6 Bh8 19. Qg5 cxd4 20. Qxg6+ 1-0


[Site "https://www.chess.com"]

[Event "Titled Tuesday Blitz April 18 Late 2023"]
[White "Koellner, Ruben Gideon"]
[Black "Vargas, Mauricio"]
[WhiteFideId "12993093"]
[BlackFideId "4404572"]
[WhiteElo "2314"]
[BlackElo "1998"]
[Result "1-0"]
[Round "04"]
[TimeControl "180+2"]
[Date "2023.04.18"]
[WhiteClock "0:01:30"]
[BlackClock "0:00:01"]

1. d4 d5 2. Nf3 Bg4 3. e3 e6 4. Nbd2 Bd6 5. h3 Bh5 6. g4 Bg6 7. Ne5 Nd7 8. f4 Ngf6 9. h4 Be4 10. Nxe4 Nxe4 11. Bd3 f5 12. gxf5 Ndf6 13. Bxe4 Nxe4 14. Qh5+ g6 15. fxg6 Bxe5 16. g7+ Kd7 17. gxh8=Q Bxh8 18. Rg1 Kc6 19. Bd2 b6 20. Qxh7 Kb7 21. O-O-O Qe8 22. Kb1 a5 23. Qg6 a4 24. Qxe8 Rxe8 25. h5 Nf2 26. Rdf1 Ne4 27. Be1 c5 28. c3 cxd4 29. exd4 Rf8 30. h6 1-0


[Site "https://www.chess.com"]

[Event "Titled Tuesday Blitz April 18 Late 2023"]
[White "Timmermans, Mark"]
[Black "Tokman, Ariel"]
[WhiteFideId "1026399"]
[BlackFideId "117420"]
[WhiteElo "2460"]
[BlackElo "2263"]
[Result "1/2-1/2"]
[Round "04"]
[TimeControl "180+2"]
[Date "2023.04.18"]
[WhiteClock "0:00:18"]
[BlackClock "0:00:13"]

1. Nf3 c6 2. c4 d5 3. cxd5 cxd5 4. b3 Nf6 5. Bb2 Bg4 6. d3 e6 7. Nbd2 Be7 8. h3 Bh5 9. g4 Bg6 10. Bg2 Nc6 11. O-O O-O 12. Re1 Rc8 13. e4 Nb4 14. Ne5 Nc2 15. Rc1 Nxe1 16. Qxe1 Rxc1 17. Qxc1 dxe4 18. dxe4 Nd7 19. Nec4 Nc5 20. Qc3 Bf6 21. e5 Bg5 22. Ba3 b6 23. Nd6 Bxd2 24. Qxd2 Qd7 25. f4 Rd8 26. Qe3 Qc7 27. f5 exf5 28. gxf5 Bh5 29. Qg5 Be2 30. Bd5 Rxd6 31. f6 g6 32. exd6 Qxd6 33. Bb2 Ne6 34. Bxe6 Qd1+ 35. Kh2 Qd6+ 36. Kg2 Qxe6 37. Qd2 Bb5 38. Qd8+ Qe8 39. Qxe8+ Bxe8 40. Kg3 h6 41. Kf4 g5+ 42. Kg3 Bd7 43. h4 Kh7 44. a4 Kg6 45. Bd4 Be6 46. b4 Bb3 47. a5 bxa5 48. bxa5 a6 49. Bc3 Kf5 50. hxg5 hxg5 51. Bb2 Bc2 52. Bc3 Bd1 53. Bb2 Ke4 54. Bc1 Bh5 55. Bxg5 Kd5 56. Bd2 Bg6 57. Kf4 Kc6 58. Ke5 Kb5 59. Kd6 Bh5 60. Kc7 Bg6 61. Be1 Bh5 62. Bd2 Bg6 63. Be1 Bh5 64. Bd2 1/2-1/2


[Site "https://www.chess.com"]

[Event "Titled Tuesday Blitz April 18 Late 2023"]
[White "Przybylski, Wojciech"]
[Black "Szpar, Milosz"]
[WhiteFideId "1117599"]
[BlackFideId "1184989"]
[WhiteElo "2222"]
[BlackElo "2436"]
[Result "0-1"]
[Round "04"]
[TimeControl "180+2"]
[Date "2023.04.18"]
[WhiteClock "0:00:07"]
[BlackClock "0:00:06"]

1. e4 c5 2. Nf3 e6 3. b3 Nc6 4. Bb5 Nge7 5. O-O a6 6. Bxc6 Nxc6 7. Bb2 d5 8. exd5 exd5 9. Re1+ Be6 10. d4 Be7 11. dxc5 Bxc5 12. Nc3 O-O 13. h3 Qd7 14. Ne2 Ba7 15. Nf4 Rad8 16. Nh5 f6 17. Nf4 Bf7 18. Qd2 g5 19. Ne2 Bg6 20. Ng3 h5 21. h4 g4 22. Nd4 Ne5 23. Qh6 Qh7 24. Qxh7+ Kxh7 25. Ne6 Bxc2 26. Nxd8 Rxd8 27. Bxe5 fxe5 28. Rxe5 d4 29. Re7+ Kg6 30. Rxb7 Bb8 31. Rb6+ Kf7 32. Nf1 d3 33. Re1 g3 34. Rb7+ Kf6 35. Nxg3 Bxg3 36. fxg3 d2 37. Rf1+ Ke5 38. Re7+ Kd6 39. Ra7 d1=Q 40. Rxd1+ Bxd1 41. Rxa6+ Kc5 42. Ra5+ Kb4 43. Ra4+ Kc3 44. Kf2 Rd2+ 45. Ke1 Rd7 46. Rc4+ Kb2 47. Ra4 Bg4 48. Kf2 Rd2+ 49. Kg1 Rd5 50. b4 Rb5 51. a3 Kb3 52. Ra5 Rb8 53. b5 Bd7 54. a4 Kb4 55. Ra6 Bg4 56. b6 Bc8 57. Ra7 Rxb6 58. Rh7 Bg4 59. Ra7 Rd6 60. Kh2 Rd2 61. a5 Ra2 62. a6 Kb5 63. Ra8 Rxa6 64. Rxa6 Kxa6 65. Kg1 Kb5 66. Kf2 Kc4 67. Kg1 Kd3 68. Kh2 Ke2 69. Kg1 Ke1 70. Kh2 Kf2 71. Kh1 Be6 72. Kh2 Bd5 73. g4 hxg4 74. h5 g3+ 75. Kh3 Bxg2+ 76. Kh4 Be4 77. h6 g2 78. h7 g1=Q 79. h8=Q Qh2+ 80. Kg5 Qxh8 0-1


[Site "https://www.chess.com"]

[Event "Titled Tuesday Blitz April 18 Late 2023"]
[White "Rozman, Levy"]
[Black "Koc, Przemyslaw"]
[WhiteFideId "2039877"]
[BlackFideId "1109081"]
[WhiteElo "2376"]
[BlackElo "2161"]
[Result "1-0"]
[Round "04"]
[TimeControl "180+2"]
[Date "2023.04.18"]
[WhiteClock "0:01:25"]
[BlackClock "0:00:09"]

1. e4 d6 2. d4 Nf6 3. Nc3 e5 4. Nge2 Be7 5. h3 O-O 6. g4 exd4 7. Qxd4 Nc6 8. Qd2 d5 9. exd5 Nb4 10. Bg2 c6 11. dxc6 Qxd2+ 12. Bxd2 Nxc2+ 13. Kd1 Nxa1 14. cxb7 Bxb7 15. Bxb7 Rab8 16. Ba6 Rxb2 17. Bc1 Rd8+ 18. Ke1 Nc2+ 19. Kf1 Rb6 20. Bc4 Na3 21. Bb3 Nb5 22. Be3 Rbb8 23. g5 Nxc3 24. Nxc3 Nh5 25. h4 a5 26. Kg2 Rbc8 27. Nd5 Bc5 28. Rc1 Bd6 29. Rd1 Kf8 30. Bb6 Re8 31. Bxa5 Re2 32. Nc3 Nf4+ 33. Kf3 Bb8 34. Nxe2 1-0


[Site "https://www.chess.com"]

[Event "Titled Tuesday Blitz April 18 Late 2023"]
[White "Silva, Caio Henrique Angelico"]
[Black "Klukin, Kirill"]
[WhiteFideId "22777210"]
[BlackFideId "24199273"]
[WhiteElo "2096"]
[BlackElo "2344"]
[Result "1-0"]
[Round "04"]
[TimeControl "180+2"]
[Date "2023.04.18"]
[WhiteClock "0:00:19"]
[BlackClock "0:00:09"]

1. Nf3 Nc6 2. d4 e6 3. g3 Nf6 4. Bg2 g6 5. b3 Bg7 6. Bb2 O-O 7. O-O d6 8. c4 e5 9. dxe5 Ng4 10. Nc3 Ngxe5 11. Nxe5 Nxe5 12. Qd2 Re8 13. Rad1 h5 14. c5 Bg4 15. cxd6 cxd6 16. Bxb7 Rb8 17. Bg2 h4 18. Nd5 Nc4 19. Qf4 Nxb2 20. Qxg4 Nxd1 21. Rxd1 hxg3 22. hxg3 Qa5 23. Nf4 Qxa2 24. Bd5 Qc2 25. Rd3 Kf8 26. Rf3 Ke7 27. Nxg6+ Qxg6 28. Rxf7+ Qxf7 29. Bxf7 Kxf7 30. Qf5+ Bf6 31. Qh5+ Kg7 32. Qg4+ Kf8 33. Qf5 Ke7 34. Qe4+ Kf7 35. Qh7+ Bg7 36. Qf5+ Kg8 37. e3 Re5 38. Qd3 Rb6 39. f4 Reb5 40. Kf2 Rxb3 41. Qd5+ Kf8 42. Qf5+ Ke7 43. Qc8 Kf7 44. Qd7+ Kg8 45. Qxa7 Bf8 46. Qd7 Rb2+ 47. Kf3 R2b5 48. Qe6+ Kh8 49. g4 Bg7 50. g5 d5 51. Qe8+ Kh7 52. Qh5+ Kg8 53. Qe8+ Bf8 54. g6 d4 55. Qf7+ Kh8 56. Qh7# 1-0


[Site "https://www.chess.com"]

[Event "Titled Tuesday Blitz April 18 Late 2023"]
[White "Marek, Matyas"]
[Black "Manukyan, Artyom"]
[WhiteFideId "335398"]
[BlackFideId "13305786"]
[WhiteElo "2279"]
[BlackElo "2078"]
[Result "1-0"]
[Round "04"]
[TimeControl "180+2"]
[Date "2023.04.18"]
[WhiteClock "0:01:34"]
[BlackClock "0:00:12"]

1. Nf3 d5 2. g3 e6 3. Bg2 Nf6 4. O-O Be7 5. d3 O-O 6. Nbd2 a5 7. a4 Nc6 8. e4 dxe4 9. dxe4 e5 10. c3 Be6 11. Qc2 h6 12. Rd1 Qc8 13. Nf1 Rd8 14. Rxd8+ Qxd8 15. Ne3 Bc5 16. b3 Qe7 17. Bd2 Rd8 18. Rd1 b6 19. Bc1 Rxd1+ 20. Qxd1 Qd6 21. Qc2 Bxe3 22. Bxe3 Ng4 23. Bc1 Qc5 24. h3 Bxb3 25. Qxb3 Qxf2+ 26. Kh1 Nd4 27. cxd4 Qxg3 28. hxg4 1-0


[Site "https://www.chess.com"]

[Event "Titled Tuesday Blitz April 18 Late 2023"]
[White "Sochacki, Christophe"]
[Black "Meunier-Pion, Jean"]
[WhiteFideId "662569"]
[BlackFideId "20685327"]
[WhiteElo "2501"]
[BlackElo "2124"]
[Result "1-0"]
[Round "04"]
[TimeControl "180+2"]
[Date "2023.04.18"]
[WhiteClock "0:00:28"]
[BlackClock "0:00:02"]

1. Nf3 d5 2. g3 Nf6 3. Bg2 c6 4. O-O Bf5 5. d3 h6 6. Nbd2 e6 7. Re1 Bh7 8. e4 Be7 9. e5 Nfd7 10. Nb3 c5 11. h4 Nc6 12. Qe2 g5 13. hxg5 hxg5 14. Be3 Bf5 15. Qd2 g4 16. Ng5 Ncxe5 17. Bf4 Ng6 18. c4 Rh5 19. Nxf7 Kxf7 20. cxd5 e5 21. Be3 Bd6 22. Qe2 Qf6 23. Be4 Rah8 24. Bg2 Rh2 25. Nd2 Qg7 26. Ne4 Bxe4 27. Bxe4 Qh7 28. Qxg4 Rh1+ 29. Kg2 Qh2+ 30. Kf3 Nh4+ 31. gxh4 Nf6 32. Qe6+ Kg7 33. Rxh1 1-0


[Site "https://www.chess.com"]

[Event "Titled Tuesday Blitz April 18 Late 2023"]
[White "Sprenar, Petr"]
[Black "Domingo Nunez, Ruben"]
[WhiteFideId "397164"]
[BlackFideId "22245570"]
[WhiteElo "2182"]
[BlackElo "2404"]
[Result "0-1"]
[Round "04"]
[TimeControl "180+2"]
[Date "2023.04.18"]
[WhiteClock "0:01:23"]
[BlackClock "0:01:16"]

1. d4 g6 2. e4 Bg7 3. Nc3 c6 4. Be3 d5 5. e5 f6 6. f4 Nh6 7. Nf3 Bg4 8. Be2 O-O 9. O-O Nf5 10. Bf2 Bxf3 11. Bxf3 fxe5 12. fxe5 e6 13. g4 Nh4 14. Bg3 c5 15. dxc5 Nc6 16. Nxd5 Nxf3+ 17. Rxf3 Qxd5 18. Qxd5 exd5 19. Rb3 Bxe5 20. Rxb7 Bxg3 21. hxg3 Nd4 22. Rd1 Nxc2 23. Rxd5 Rae8 24. Rd2 Re1+ 25. Kg2 Ne3+ 26. Kh2 Nf1+ 0-1


[Site "https://www.chess.com"]

[Event "Titled Tuesday Blitz April 18 Late 2023"]
[White "Averjanov, Alexey"]
[Black "D`Arruda, Ricardo D."]
[WhiteFideId "14109867"]
[BlackFideId "100692"]
[WhiteElo "2621"]
[BlackElo "2452"]
[Result "1-0"]
[Round "04"]
[TimeControl "180+2"]
[Date "2023.04.18"]
[WhiteClock "0:00:38"]
[BlackClock "0:00:18"]

1. d4 Nf6 2. c4 e5 3. dxe5 Ne4 4. a3 Nc6 5. Nf3 d6 6. Qc2 d5 7. cxd5 Qxd5 8. Nc3 Nxc3 9. Qxc3 Bg4 10. Bf4 O-O-O 11. h3 Bh5 12. g4 Bg6 13. Bg2 h5 14. Nh4 Be4 15. f3 Bh7 16. e4 Qd4 17. Qxd4 Nxd4 18. Kf2 Ne6 19. Be3 g5 20. Nf5 Bxf5 21. exf5 Nf4 22. Rhd1 Nd3+ 23. Kg3 Nxe5 24. Bxg5 Rxd1 25. Rxd1 Bd6 26. f4 Nc4 27. Bf6 h4+ 28. Bxh4 Re8 29. Bf3 Nxb2 30. Rd4 Bxa3 31. g5 a5 32. g6 Rg8 33. Bd5 Rg7 34. Be6+ 1-0


[Site "https://www.chess.com"]

[Event "Titled Tuesday Blitz April 18 Late 2023"]
[White "mistrzemi"]
[Black "Ambartsumova, Karina"]
[BlackFideId "4166299"]
[WhiteElo "2434"]
[BlackElo "2240"]
[Result "0-1"]
[Round "04"]
[TimeControl "180+2"]
[Date "2023.04.18"]
[WhiteClock "0:00:02"]
[BlackClock "0:00:13"]

1. d4 Nf6 2. Bg5 Ne4 3. h4 d5 4. Nd2 Nxd2 5. Qxd2 h6 6. Bf4 Bf5 7. e3 e6 8. Nf3 Be7 9. Bd3 Bxd3 10. Qxd3 Nd7 11. h5 c5 12. c3 Qb6 13. Rb1 Nf6 14. Ne5 Bd6 15. f3 Nd7 16. Nxd7 Kxd7 17. Bxd6 Qxd6 18. dxc5 Qxc5 19. Qd4 Qxd4 20. cxd4 Rhc8 21. Kd2 Rc4 22. Rhc1 Rac8 23. Rxc4 dxc4 24. a4 a6 25. Kc3 b6 26. e4 Kd6 27. g4 e5 28. d5 Kc5 29. Ra1 Rc7 30. Rc1 b5 31. b4+ Kb6 32. axb5 axb5 33. Ra1 Rc8 34. Ra5 g6 35. hxg6 fxg6 36. Ra1 Rf8 37. Rh1 Rxf3+ 38. Kc2 Rg3 39. Rxh6 Rxg4 40. Kc3 Rg3+ 41. Kd2 Kc7 42. Rh7+ Kb6 43. Rh6 Rg2+ 44. Ke3 c3 45. Kd3 c2 46. Rh1 g5 47. Rc1 g4 48. Ke3 Kc7 49. Rf1 Kd6 50. Rc1 Ke7 51. Rf1 g3 52. Kf3 Rf2+ 53. Kxg3 Rxf1 0-1


[Site "https://www.chess.com"]

[Event "Titled Tuesday Blitz April 18 Late 2023"]
[White "Seletsky, Grigory"]
[Black "benny_aizenberg"]
[WhiteFideId "14112191"]
[WhiteElo "2490"]
[BlackElo "2594"]
[Result "0-1"]
[Round "04"]
[TimeControl "180+2"]
[Date "2023.04.18"]
[WhiteClock "0:00:01"]
[BlackClock "0:00:50"]

1. e4 Nf6 2. d3 d5 3. Nd2 e5 4. Be2 Nc6 5. c3 Bc5 6. Ngf3 O-O 7. O-O a5 8. b3 h6 9. a3 Be6 10. Bb2 Re8 11. b4 axb4 12. cxb4 Bd6 13. b5 dxe4 14. bxc6 exf3 15. Bxf3 bxc6 16. Bxc6 Rb8 17. Bxe8 Rxb2 18. Bc6 Bc5 19. Ne4 Nxe4 20. dxe4 Qxd1 21. Raxd1 Bxa3 22. Bd5 Bc8 23. f3 Ba6 24. h3 Bc5+ 25. Kh2 Bxf1 26. Rxf1 Kf8 27. Rc1 Bb6 28. h4 f6 29. Rc6 h5 30. Kh3 Rb1 31. Kg3 Rh1 32. Rc2 Ba5 33. Kf2 Rxh4 34. Be6 Rh1 35. Bh3 h4 36. Ra2 Bb6+ 37. Ke2 Ke7 38. Rd2 Bd4 39. Rc2 c5 40. Kd3 Ra1 41. Kc4 Kd6 0-1


[Site "https://www.chess.com"]

[Event "Titled Tuesday Blitz April 18 Late 2023"]
[White "Gonzalez Zamora, Juan Carlos"]
[Black "Lewicki, Miroslaw"]
[WhiteFideId "3507548"]
[BlackFideId "1113380"]
[WhiteElo "2535"]
[BlackElo "2212"]
[Result "0-1"]
[Round "04"]
[TimeControl "180+2"]
[Date "2023.04.18"]
[WhiteClock "0:00:19"]
[BlackClock "0:00:08"]

1. e4 c5 2. Nf3 d6 3. d4 cxd4 4. Qxd4 Nf6 5. h3 Nc6 6. Bb5 e5 7. Qe3 Be7 8. O-O O-O 9. Bxc6 bxc6 10. c4 Ba6 11. b3 Qc7 12. Nc3 Rae8 13. Rd1 Nh5 14. Na4 Nf4 15. Bb2 f5 16. Rac1 fxe4 17. Qxe4 Rf6 18. Kh2 Ref8 19. Nxe5 Nxg2 20. Ng4 d5+ 21. Be5 Bd6 22. cxd5 Rxf2 23. Bxd6 Qxd6+ 24. Kg1 Qg3 25. Nxf2 Nh4+ 26. Kh1 Nf3 27. Qxf3 Qxf3+ 28. Kg1 Qxf2+ 29. Kh1 Be2 0-1


[Site "https://www.chess.com"]

[Event "Titled Tuesday Blitz April 18 Late 2023"]
[White "Loiacono, Antonio"]
[Black "Prieto Aranguren, Alain"]
[WhiteFideId "895415"]
[BlackFideId "2268906"]
[WhiteElo "2257"]
[BlackElo "2209"]
[Result "0-1"]
[Round "04"]
[TimeControl "180+2"]
[Date "2023.04.18"]
[WhiteClock "0:00:04"]
[BlackClock "0:00:14"]

1. e4 c6 2. d4 d5 3. e5 Be6 4. Nd2 h5 5. Nb3 Qc8 6. h3 h4 7. Nf3 Na6 8. Bxa6 bxa6 9. Nc5 Bf5 10. c3 e6 11. Nd3 Be7 12. O-O Be4 13. Re1 Nh6 14. Ng5 Bf5 15. Bf4 Rb8 16. b4 a5 17. a3 Qa6 18. Nc5 Bxc5 19. dxc5 Bg6 20. Nf3 Nf5 21. Nd4 Nxd4 22. Qxd4 Qd3 23. Bd2 Qxd4 24. cxd4 a4 25. Re3 a6 26. Rae1 Bc2 27. Rc3 Bb3 28. Kh2 Bc4 29. Ree3 Kd7 30. Rf3 Rbf8 31. Rf4 Rh5 32. Rcf3 Ke8 33. Rg4 Be2 34. Rxg7 Bxf3 35. gxf3 Rhh8 36. Rg4 Rfg8 37. Bg5 Rh5 38. Bf6 Rg6 39. Kg2 Kf8 40. Kf1 Kg8 41. Ke2 Kh7 42. Ke3 Rf5 43. Rxh4+ Rh6 44. Rg4 Rxh3 45. Rg7+ Kh6 46. Rxf7 Rhxf3+ 47. Ke2 Rxf2+ 48. Ke1 Rf1+ 49. Ke2 R5f2+ 50. Ke3 Rf3+ 51. Ke2 R1f2+ 52. Ke1 Kg6 53. Rf8 Rf1+ 54. Ke2 R1f2+ 55. Ke1 Kh5 56. Rg8 Ra2 57. Rg5+ Kh6 58. Rg8 Rb3 59. Bg5+ Kh5 60. Kd1 Rb1+ 61. Bc1 Raa1 62. Ke2 Rxc1 63. Kf3 Rc3+ 64. Kf4 Rf1# 0-1


[Site "https://www.chess.com"]

[Event "Titled Tuesday Blitz April 18 Late 2023"]
[White "Bruedigam, Martin"]
[Black "Garrido, Denis"]
[WhiteFideId "24608033"]
[BlackFideId "601217"]
[WhiteElo "2331"]
[BlackElo "2323"]
[Result "1-0"]
[Round "04"]
[TimeControl "180+2"]
[Date "2023.04.18"]
[WhiteClock "0:01:51"]
[BlackClock "0:02:05"]

1. d4 Nf6 2. c4 g6 3. f3 Bg7 4. e4 d6 5. Nc3 O-O 6. Be3 c5 7. Nge2 cxd4 8. Nxd4 Nc6 9. Nc2 Be6 10. Qd2 Qa5 11. Be2 Rfc8 12. O-O a6 13. Rfc1 b5 14. cxb5 axb5 15. Nxb5 Qxd2 16. Bxd2 Rxa2 17. Rxa2 Bxa2 18. Nb4 1-0


[Site "https://www.chess.com"]

[Event "Titled Tuesday Blitz April 18 Late 2023"]
[White "ayme97"]
[Black "koncheto"]
[WhiteElo "2213"]
[BlackElo "2533"]
[Result "1-0"]
[Round "04"]
[TimeControl "180+2"]
[Date "2023.04.18"]
[WhiteClock "0:00:20"]
[BlackClock "0:00:02"]

1. d4 Nf6 2. Nf3 e6 3. c4 c5 4. d5 exd5 5. cxd5 d6 6. Nc3 g6 7. h3 Bg7 8. Bf4 O-O 9. e3 Qe7 10. Nd2 Nbd7 11. Nc4 Ne8 12. Be2 a6 13. a4 f5 14. O-O Ne5 15. Nb6 Rb8 16. Bh2 Nc7 17. Re1 Nd7 18. Nc4 Ne5 19. Nb6 Na8 20. Nxc8 Rfxc8 21. e4 fxe4 22. Nxe4 Nc7 23. Bg4 Rf8 24. Nxc5 dxc5 25. d6 Qf6 26. dxc7 Qxf2+ 27. Kh1 Nxg4 28. Qxg4 Rbc8 29. Bd6 Qf5 30. Qc4+ Rf7 31. Rf1 Qd7 32. Rae1 Bf8 33. Re7 Qxe7 34. Bxe7 Bxe7 35. Qxf7+ Kh8 36. Qxe7 Re8 37. Rf8+ Rxf8 38. Qxf8# 1-0


[Site "https://www.chess.com"]

[Event "Titled Tuesday Blitz April 18 Late 2023"]
[White "Jimenez Almeida, Luis David"]
[Black "Volkmann, Andre Jordi"]
[WhiteFideId "22242244"]
[BlackFideId "2154463"]
[WhiteElo "2245"]
[BlackElo "1999"]
[Result "1-0"]
[Round "04"]
[TimeControl "180+2"]
[Date "2023.04.18"]
[WhiteClock "0:00:07"]
[BlackClock "0:00:04"]

1. e4 c6 2. Nc3 d5 3. Qf3 dxe4 4. Nxe4 Nf6 5. Bc4 Nbd7 6. d4 Nb6 7. Bd3 Qxd4 8. Ne2 Qd8 9. O-O e6 10. Bg5 Be7 11. Rad1 Nfd5 12. Bd2 Nf6 13. Nxf6+ Bxf6 14. Bb4 Nd5 15. Ba3 Qb6 16. Be4 Bd7 17. c4 Ne7 18. Bd6 Ng6 19. b4 Be7 20. Bxg6 hxg6 21. Bxe7 Kxe7 22. Rxd7+ Kxd7 23. Qxf7+ Kc8 24. Qxe6+ Kb8 25. Rd1 a5 26. b5 Ka7 27. bxc6 Raf8 28. Nd4 Re8 29. Qd5 Rd8 30. Nb5+ Qxb5 31. cxb5 Rxd5 32. Rxd5 bxc6 33. bxc6 Kb6 34. Rd6 Re8 35. g3 Kc7 36. Rxg6 Re2 37. a4 Ra2 38. Rxg7+ Kxc6 39. Rg5 Rxa4 40. h4 Kd6 41. h5 Ke6 42. Kg2 Kf6 43. Rb5 Kg7 44. f4 Kh6 45. Kh3 Ra2 46. Kg4 Kg7 47. Rb6 Kh7 48. Kg5 Rc2 49. g4 Rc5+ 50. f5 Kg7 51. h6+ Kg8 52. Rb7 a4 53. Kg6 Rc8 54. f6 a3 55. Ra7 Rf8 56. Rxa3 Kh8 57. g5 Rg8+ 58. Kh5 Rf8 59. Re3 Rg8 60. Re7 Rf8 61. Re3 Rg8 62. Kg4 Rf8 63. Kf5 Rg8 64. Re7 Rf8 65. Ke6 Ra8 66. Kd7 Ra7+ 67. Kd6 Ra6+ 68. Ke5 Ra5+ 69. Kf4 Ra8 70. g6 Ra4+ 71. Re4 Ra5 72. g7+ Kh7 73. f7 1-0


[Site "https://www.chess.com"]

[Event "Titled Tuesday Blitz April 18 Late 2023"]
[White "Erzhanov, Arman"]
[Black "Florianovitz, Derlei Alex"]
[WhiteFideId "4138821"]
[BlackFideId "2114178"]
[WhiteElo "2138"]
[BlackElo "1953"]
[Result "0-1"]
[Round "04"]
[TimeControl "180+2"]
[Date "2023.04.18"]
[WhiteClock "0:01:46"]
[BlackClock "0:02:02"]

1. e4 e6 2. b3 d5 3. Bb2 dxe4 4. Nc3 Nf6 5. Qe2 b6 6. Nxe4 Be7 7. Nf3 Bb7 8. Nxf6+ Bxf6 9. d4 a5 10. a4 Nc6 11. O-O-O Nb4 12. Ne5 O-O 13. Rg1 Rc8 14. g4 Qe7 15. f4 Rfd8 16. g5 Bxe5 17. dxe5 Rxd1+ 18. Qxd1 Rd8 19. Qe2 Qc5 20. Rg3 Ba6 21. Rc3 Bxe2 22. Rxc5 Rd1# 0-1


[Site "https://www.chess.com"]

[Event "Titled Tuesday Blitz April 18 Late 2023"]
[White "Tymrakiewicz, Rafal"]
[Black "Sargsyan, Shant"]
[WhiteFideId "1108832"]
[BlackFideId "13306766"]
[WhiteElo "2151"]
[BlackElo "2628"]
[Result "0-1"]
[Round "04"]
[TimeControl "180+2"]
[Date "2023.04.18"]
[WhiteClock "0:00:02"]
[BlackClock "0:02:39"]

1. e4 a6 2. d4 e6 3. Nd2 d5 4. e5 c5 5. c3 Nc6 6. Ngf3 Bd7 7. Bd3 cxd4 8. cxd4 Nb4 9. Bb1 Bb5 10. Nb3 Rc8 11. a3 Ba4 12. Nfd2 Nc6 13. O-O Nxd4 14. Nxd4 Bxd1 15. Rxd1 Ne7 16. N2f3 Ng6 17. b4 Be7 18. Bb2 O-O 19. Bd3 Nf4 20. Bf1 a5 21. g3 Ng6 22. b5 Bc5 23. a4 Qb6 24. Ra2 Be7 25. Ba1 Rc7 26. h4 Rfc8 27. h5 Nf8 28. Bb2 h6 29. Kg2 Bc5 30. Bd3 Nd7 31. Raa1 Bb4 32. Ra2 Bc3 33. Bc1 Bxd4 34. Nxd4 Qxd4 35. Bh7+ Kxh7 36. Rxd4 Rxc1 37. b6 Nxb6 0-1


[Site "https://www.chess.com"]

[Event "Titled Tuesday Blitz April 18 Late 2023"]
[White "Vivekananthan, Anish"]
[Black "Fernandez Garcia, Gumersindo"]
[WhiteFideId "2090775"]
[BlackFideId "24516740"]
[WhiteElo "2828"]
[BlackElo "2093"]
[Result "1-0"]
[Round "04"]
[TimeControl "180+2"]
[Date "2023.04.18"]
[WhiteClock "0:00:08"]
[BlackClock "0:00:06"]

1. e4 c5 2. d4 cxd4 3. c3 g6 4. Nf3 Bg7 5. cxd4 d5 6. exd5 Nf6 7. Nc3 O-O 8. Bc4 b5 9. Bxb5 Nxd5 10. O-O Bg4 11. h3 Bf5 12. Qb3 Nb6 13. Bf4 N8d7 14. Bc6 Rc8 15. Bb7 Rc4 16. Rfd1 e6 17. a4 a5 18. g4 Rb4 19. Qa2 Bc2 20. Rd2 Bb3 21. Qb1 Nf6 22. Bc6 Nbd5 23. Be5 Qb6 24. Bb5 Bc4 25. Qc2 Bxb5 26. Nxb5 Rd8 27. Ne1 Nd7 28. Bxg7 Kxg7 29. Nd3 Rxb5 30. axb5 Qxb5 31. Qa4 Rb8 32. Qxb5 Rxb5 33. Rc2 N7b6 34. Kf1 a4 35. Ke2 Rb3 36. Ra3 Rb5 37. Nc5 Rb4 38. Kd3 f5 39. Nxe6+ Kf6 40. gxf5 Kxf5 41. Nc5 Kf4 42. Ne6+ Kf3 43. Kd2+ Kg2 44. Ke2 h5 45. Rg3+ Kh2 46. Ng5 Nf4+ 47. Kf1 Rxd4 48. Nf3+ Kh1 49. Rg1# 1-0


[Site "https://www.chess.com"]